 Dungeon Crawl Stone Soup version 0.27-a0-679-g77a6b55cf3 (webtiles) character file.

Game seed: 525086388678764183

359 DarkShadow the Ruffian (level 6, -8/54 HPs)
             Began as a Troll Fighter on Mar 19, 2021.
             Was a Plaything of Xom.
             Mangled by an ogre
             ... wielding a +0 giant club
              (11 damage)
             ... on level 4 of the Dungeon on Mar 20, 2021.
             The game lasted 00:14:29 (3161 turns).

DarkShadow the Ruffian (Troll Fighter)              Turns: 3161, Time: 00:14:30

Health: -8/54      AC:  3    Str: 27    XL:     6   Next: 37%
Magic:  5/5        EV:  8    Int:  2    God:    Xom [.*....]
Gold:   72         SH:  9    Dex:  9    Spells: 5/5 levels left

rFire    . . .     SeeInvis .     - Unarmed
rCold    + + .     Faith    .   b - +0 kite shield
rNeg     . . .     Spirit   .   a - +0 robe
rPois    .         Reflect  .   (helmet restricted)
rElec    .         Harm     .   r - scarf {rC+ rF+}
rCorr    +         Rampage  .   (gloves unavailable)
Will     .....                  (boots unavailable)
Stlth    +.........             (no amulet)
HPRegen  1.18/turn              i - ring of ice
MPRegen  0.09/turn              n - ring of resist corrosion

@: no status effects
A: large, unfitting armour, claws 3, regeneration 1, shaggy fur 1, tough skin 1,
deformed body, dopey 1, frail 1
a: Renounce Religion


You were on level 4 of the Dungeon.
You worshipped Xom.
You were a plaything of Xom.
You visited 1 branch of the dungeon, and saw 4 of its levels.

You collected 72 gold pieces.

Inventory:

Armour
 a - a +0 robe (worn)
 b - a +0 kite shield (worn)
 m - a +0 chain mail
 r - a scarf of resistance (worn)
Jewellery
 i - a ring of ice (right claw)
 n - a ring of resist corrosion (left claw)
 s - a ring of protection from cold
Scrolls
 g - a scroll of magic mapping {unknown}
 h - 3 scrolls of fear {unknown}
 j - 2 scrolls of blinking {unknown}
 l - a scroll of teleportation {unknown}
 o - a scroll of enchant armour {unknown}
 q - 3 scrolls of identify {unknown}
 t - a scroll of immolation {unknown}
Potions
 c - a potion of might
 d - a potion of curing {unknown}
 e - 2 potions of heal wounds {unknown}
 f - a potion of flight {unknown}
 k - a potion of lignification {unknown}
 p - a potion of berserk rage {unknown}
 u - a potion of attraction {unknown}


   Skills:
 + Level 3.2 Fighting
 + Level 3.5 Dodging
 + Level 0.2 Stealth
 + Level 3.5 Shields
 + Level 4.3 Unarmed Combat


You had 5 spell levels left.
You didn't know any spells.
Your spell library contained the following spells:

 Spells                   Type           Power      Damage    Failure   Level
 Magic Dart               Conj           0%         1d3       91%         1
 Blink                    Tloc           N/A        N/A       97%         2
 Call Imp                 Summ           0%         N/A       97%         2
 Slow                     Hex            0%         N/A       97%         2
 Conjure Flame            Conj/Fire      0%         6-21      99%         3
 Mephitic Cloud           Conj/Pois/Air  0%         N/A       99%         3


Dungeon Overview and Level Annotations

Branches:
Dungeon (4/15)
 Temple: D:4-7

Altars:
Vehumet
Xom
Zin
The Shining One

Shops:
D:4 =


Innate Abilities, Weirdness & Mutations

You are too large for most types of armour.
You have claws for hands.
Your natural rate of healing is unusually fast.
You are covered in fur. (AC +1)
You have tough skin. (AC +1)
Armour fits poorly on your strangely shaped body.
You are dopey. (Int -2)
You are frail. (-10% HP)


Message History

A magic dart appears from out of thin air!
The magic dart hits you.
Found a glowing dagger and a gluggy blue potion.
Found a scroll labelled EFEARGHUCES.
An ogre comes into view. It is wielding a +0 giant club.
The ogre shouts!
The orc shouts!
You hear some strange, mumbled words.
Something tries to affect you, but you resist.
Found 2 scrolls labelled EFEARGHUCES.
Found 14 gold pieces.
Something hits you.
You claw something!
Reactivating autopickup.
You feel a bit more experienced. The orc closely misses you.
You closely miss the orc. The orc closely misses you.
You claw the orc!
You kill the orc!
The ogre hits you with a +0 giant club. The orc closely misses you.
A jackal comes into view.
The jackal moves out of view.
You barely miss the ogre.
You hear Xom's maniacal laughter.
Your body is wracked with pain!
The ogre hits you with a +0 giant club!
* * * LOW HITPOINT WARNING * * *
The orc barely misses you. You block the ogre's attack.
The ogre hits you with a +0 giant club!
* * * LOW HITPOINT WARNING * * *
The orc shouts!
The orc wizard shouts!
The orc wizard gestures at you while chanting.
You resist with some effort. The orc hits you with a +0 flail.
* * * LOW HITPOINT WARNING * * *
Xom is amused.
The ogre hits you with a +0 giant club!
You die...
Xom thinks this is hilarious!

...#o..#...## ..
..##........ ..##.
#............
.......##...o..........#
.............o......#.##
..........##.....#..#.#
....#..####.....# .
#..........o.#
.####.##.......O@#
...#..##.........#
..............##....
......)..............
.....?.....$...##.....
......).##......##....
.............#.## ##..
.#.......#...#..# ...
##................


You could see an ogre, an orc wizard and 2 orcs.

Vanquished Creatures
  Natasha (twice) (D:3)
  3 orc wizards
  4 gnolls (D:3)
  5 adders
  3 dart slugs
  4 leopard geckos
  10 orcs
  3 bats
  A giant cockroach (D:1)
  8 hobgoblins
  4 jackals (D:1)
  A quokka (D:1)
  3 frilled lizards
  8 goblins
  7 kobolds
  5 rats
71 creatures vanquished.

Vanquished Creatures (others)
  A human (shapeshifter) (D:3)
  A scorpion (D:4)
  An orc priest (D:4)
  A howler monkey skeleton (D:4)
  An adder skeleton (D:4)
  An orc (D:4)
6 creatures vanquished.

Grand Total: 77 creatures vanquished

Notes
Turn   | Place    | Note
-------+----------+-------------------------------------------
     0 | D:1      | DarkShadow the Troll Fighter began the quest for the Orb.
     0 | D:1      | Reached XP level 1. HP: 22/22 MP: 0/0
   140 | D:1      | Reached XP level 2. HP: 29/29 MP: 1/1
   414 | D:1      | Reached XP level 3. HP: 36/36 MP: 2/2
   757 | D:2      | Found a radiant altar of Vehumet.
   970 | D:2      | Found a faded altar of an unknown god.
   980 | D:2      | Became a worshipper of Xom of Chaos
  1156 | D:2      | Reached XP level 4. HP: 45/45 MP: 3/3
  1203 | D:2      | Found a glowing silver altar of Zin.
  1298 | D:2      | XOM: cloud trail
  1304 | D:2      | XOM: silly message
  1366 | D:2      | XOM: divination: magic mapping
  1446 | D:2      | Found Kupujy's General Store.
  1531 | D:2      | XOM: noise
  1716 | D:3      | XOM: enchant monster (good)
  1993 | D:3      | XOM: silly message
  1995 | D:3      | XOM: silly message
  1997 | D:3      | XOM: cast spell 'Metabolic Englaciation'
  2000 | D:3      | Reached skill level 3 in Unarmed Combat
  2151 | D:3      | Reached XP level 5. HP: 53/53 MP: 4/4
  2418 | D:3      | Noticed Natasha
  2427 | D:3      | Killed Natasha
  2453 | D:3      | XOM: give mutations
  2453 | D:3      | Gained mutation: Armour fits poorly on your strangely
                  | shaped body. [Xom's mischief]
  2453 | D:3      | Gained mutation: You are dopey. (Int -2) [Xom's mischief]
  2453 | D:3      | Gained mutation: You are frail. (-10% HP) [Xom's mischief]
  2478 | D:3      | XOM: 1-stop teleportation journey
  2489 | D:3      | Noticed a shapeshifter
  2489 | D:3      | an adder changed into a shapeshifter
  2489 | D:3      | XOM: polymorph adder -> shapeshifter
  2489 | D:3      | Noticed a black bear
  2489 | D:3      | a shapeshifter changed into a black bear
  2490 | D:3      | XOM: cleaving
  2491 | D:3      | Noticed a sky beast
  2491 | D:3      | a black bear changed into a sky beast
  2497 | D:3      | Noticed a fire bat
  2500 | D:3      | Noticed a human
  2500 | D:3      | a fire bat changed into a human
  2503 | D:3      | Killed a human
  2503 | D:3      | XOM: divine lightning
  2603 | D:3      | XOM: scenery: summon butterflies
  2728 | D:3      | Found a glowing golden altar of the Shining One.
  2876 | D:3      | Noticed Natasha
  2885 | D:3      | Killed Natasha
  2886 | D:3      | Reached skill level 4 in Unarmed Combat
  2886 | D:3      | Reached XP level 6. HP: 44/54 MP: 5/5
  3087 | D:4      | XOM: scenery: summon butterflies
  3097 | D:4      | XOM: divine lightning
  3113 | D:4      | XOM: snakes to sticks
  3120 | D:4      | Found Qyeptaav's Jewellery Shop.
  3120 | D:4      | XOM: 2-stop teleportation journey
  3153 | D:4      | XOM: torment (22/54 hp)
  3161 | D:4      | Mangled by an ogre

Illustrated notes

Levels and vault maps discovered:
D:1:      elethiomel_arrival_maze, layout_basic, kennysheep_flooded_box
D:2:      layout_loops_corners, zin_treasury, lemuel_crystal_altar,
          serial_shops, shop_statue, chequers_ecumenical_altar_simple
D:3:      layout_basic, lemuel_crystal_altar, minmay_cupped, uniq_natasha
D:4:      layout_cave_pools, lemuel_crystal_altar, grunt_gozag_breadcrumbs,
          serial_shops, nicolae_shop_crystal

Skill      XL: |  1  2  3  4  5 |
---------------+----------------+-----
Fighting       | 3 |  3.2
Shields        | 3 |  3.5
Dodging        | 3 |  3.5
Unarmed Combat | 3 4 |  4.3
Stealth        | |  0.2

Action                   |  1- 3 |  4- 6 || total
-------------------------+-------+-------++-------
Melee: Unarmed           |    89 |   154 ||   243
  Use: Scroll            |       |     1 ||     1
Armor: Robe              |    24 |    23 ||    47
Dodge: Dodged            |    29 |    39 ||    68
Block: Kite shield       |    44 |    64 ||   108

Table legend: (Time is in decaauts)
 A = Elapsed time spent in this place.
 B = Non-inter-level travel time spent in this place.
 C = Inter-level travel time spent in this place.
 D = Time resting spent in this place.
 E = Time spent auto-exploring this place.
 F = Levels seen in this place.
 G = Mean time per level.
                   A        B        C        D        E       F      G
               +--------+--------+--------+--------+--------+-----+--------+
         Total |   3193 |   3191 |      2 |    442 |   1565 |   4 |  798.2 |
       Dungeon |   3193 |   3191 |      2 |    442 |   1565 |   4 |  798.2 |
               +--------+--------+--------+--------+--------+-----+--------+

Top non-repeatable levels by time:
     D:3: 1413 daAuts
     D:2: 1247 daAuts
     D:1: 448 daAuts
     D:4: 84 daAuts
